Get step-by-step instructions on how to execute this build order below. Start the game timer, and the build order will tick by so you can play in parallel with StarCraft on a second screen or mobile device.

Game Time

  0:00

Last Step

  N/A

Next Step

Upcoming Step



Don't want to look back and forth between 2 screens? Try out our Overwolf App, the Spawning Tool Build Advisor to get an in-game overlay with this build!

Complete Build Order

  12  0:01  Drone  
  13  0:09  Drone  
  14  0:17  Overlord  
  14  0:29  Extractor, Drone  
  15  0:36  Drone x2  
  17  0:59  Hatchery  
  17  1:02  Drone  
  17  1:03  Drone  
  18  1:11  Drone  
  19  1:21  Spawning Pool  
  19  1:25  Extractor, Drone  
  17  1:28  Drone  
  19  2:07  Zergling x2  
  19  2:08  Zergling x4  
  22  2:10  Queen  
  22  2:12  Zergling x2, Hatchery  
  24  2:19  Zergling x2  
  25  2:25  Metabolic Boost  
  25  2:26  Zergling x2  
  26  2:32  Zergling x2  
  26  2:33  Zergling x2  
  28  2:52  Overlord  
  28  3:09  Queen  
  28  3:10  Drone x3, Overlord  
  33  3:19  Zergling x4  
  35  3:29  Drone x3  
  37  3:35  Drone x2  
  33  3:52  Zergling x8, Drone  
  33  3:53  Drone  
  39  3:57  Drone x2  
  39  4:01  Drone  
  42  4:05  Drone  
  43  4:11  Drone x2  
  45  4:18  Drone x2  
  45  4:21  Drone  
  48  4:29  Overlord  
  48  4:30  Overlord  
  48  4:36  Drone  
  48  4:37  Overlord x2  
  49  4:46  Queen  
  40  5:05  Spore Crawler  
  38  5:10  Spore Crawler  
  38  5:11  Drone x10  
  38  5:13  Drone  
  48  5:23  Queen  
  50  5:37  Drone x4  
  50  5:38  Drone x3  
  50  5:40  Drone  
  58  5:47  Extractor  
  57  5:50  Extractor  
  56  6:01  Extractor, Lair  
  53  6:29  Spore Crawler  
  52  6:36  Hatchery  
  51  6:40  Drone x2  
  51  6:41  Drone x6  
  51  6:42  Drone x6  
  51  6:43  Drone, Hatchery  
  65  7:02  Hydralisk Den  
  65  7:06  Spire  
  63  7:09  Evolution Chamber  
  63  7:10  Evolution Chamber  
  63  7:11  Drone x4  
  63  7:12  Drone x2  
  63  7:14  Extractor  
  66  7:16  Extractor  
  66  7:18  Queen  
  66  7:22  Overlord  
  67  7:23  Overlord  
  67  7:46  Grooved Spines  
  67  7:47  Hydralisk x3  
  67  7:48  Hydralisk x3  
  67  7:49  Hydralisk  
  81  8:02  Zerg Missile Weapons Level 1, Zerg Ground Armor Level 1  
  81  8:04  Hydralisk x2  
  85  8:06  Zergling x2  
  85  8:07  Zergling x2  
  85  8:08  Zergling x2  
  85  8:10  Zergling x2  
  85  8:12  Drone x2  
  91  8:17  Drone x3  
  94  8:25  Drone  
  94  8:26  Drone x2  
  97  8:27  Drone  
  97  8:28  Drone  
  97  8:33  Overseer x2, Spore Crawler  
  98  8:36  Muscular Augments  
  98  8:41  Infestation Pit  
  98  8:44  Zerg Flyer Weapons Level 1  
  97  8:55  Extractor  
  96  8:58  Extractor  
  96  8:59  Drone x6  
  96  9:00  Drone x6  
  107  9:03  Queen  
  107  9:06  Overlord  
  107  9:09  Overlord  
  109  9:10  Overlord  
  109  9:15  Pneumatized Carapace  
  101  9:37  Hydralisk x7  
  101  9:38  Hydralisk x3  
  108  9:40  Zergling x6  
  108  9:41  Zergling x2  
  110  9:52  Overlord x6  
  106  9:54  Overlord  
  92  10:07  Overlord x6, Hydralisk Den  
  78  10:14  Spawning Pool  
  71  10:45  Hydralisk x8, Spawning Pool  
  71  10:46  Hydralisk x5  
  83  10:58  Hydralisk x4  
  84  11:06  Hydralisk  
  70  11:42  Hydralisk x8  
  70  11:43  Hydralisk x2  
  88  11:47  Hydralisk  
  51  12:21  Hydralisk x2  
  51  12:22  Hydralisk x4  
  35  12:44  Spawning Pool  
  19  12:52  Lurker Den  
  19  12:57  Extractor  
  17  13:01  Extractor  
  17  13:03  Overlord  
  17  13:04  Overlord x2  
  16  13:33  Drone x4  
  20  13:47  Drone x2  
  22  14:07  Lurker  
  23  14:18  Spore Crawler  
  23  14:21  Lurker, Spore Crawler  
  22  14:32  Drone x2  
  22  14:33  Drone  
  25  14:53  Hatchery  
  24  16:14  Lair  
  24  16:17  Drone x2  
  27  16:32  Drone  
  27  17:15  Hatchery  
  26  17:16  Lurker  
  27  17:29  Drone x4  
  31  17:42  Hydralisk Den  
  31  17:43  Drone  
  31  18:14  Hatchery  
  31  18:15  Hydralisk  
  32  18:28  Drone x2  
  32  18:29  Drone  
  32  18:32  Drone  
  36  18:39  Drone  
  36  18:40  Drone  
  38  18:49  Hydralisk  
  38  18:53  Drone  
  41  19:11  Spore Crawler  
  41  19:14  Spore Crawler  
  41  19:15  Drone, Spore Crawler  
  41  19:16  Drone x2  
  41  19:19  Drone  
  41  19:22  Drone  
  43  19:24  Drone  
  44  19:36  Hydralisk x2  
  48  19:40  Hydralisk  
  50  19:58  Evolution Chamber  
  49  20:00  Evolution Chamber  
  49  20:03  Extractor  
  49  20:06  Extractor  
  42  20:32  Hydralisk x5  
  50  20:39  Hydralisk x2  
  54  20:44  Drone x2  
  54  21:00  Infestation Pit  
  54  21:02  Hydralisk x4  
  61  21:08  Hydralisk x2  
  65  21:12  Lurker x4  
  30  21:53  Overseer  
  30  21:54  Overseer  
  28  21:57  Hydralisk x6